 Dungeon Crawl Stone Soup version 0.24.1 (webtiles) character file.

Game seed: 9005043094864901241, levelgen mode: deterministic

55 Descartes the Gusty (level 3, -3/19 HPs)
             Began as a Deep Elf Air Elementalist on Apr 6, 2020.
             Slain by a gnoll
             ... wielding a +0 spear
              (4 damage)
             ... on level 2 of the Dungeon.
             The game lasted 00:03:23 (1350 turns).

Descartes the Gusty (Deep Elf Air Elementalist)     Turns: 1350, Time: 00:03:24

Health: -3/19      AC:  2    Str:  2 (5)  XL:     3   Next: 67%
Magic:  8/10       EV: 13    Int: 18 (20) God:
Gold:   80         SH:  0    Dex: 14 (15) Spells: 8/9 levels left

rFire    . . .     SeeInvis .   i - +1 mace (protect)
rCold    . . .     Gourm    .   (no shield)
rNeg     . . .     Faith    .   a - +0 robe
rPois    .         Spirit   .   (no helmet)
rElec    .         Reflect  .   (no cloak)
rCorr    .         Harm     .   (no gloves)
MR       .....                  (no boots)
Stlth    ++........             (no amulet)
HPRegen  0.06/turn              (no ring)
MPRegen  0.12/turn              (no ring)

@: no status effects
A: no striking features
a: no special abilities


You were on level 2 of the Dungeon.
You were very hungry.

You visited 1 branch of the dungeon, and saw 2 of its levels.

You collected 80 gold pieces.

Inventory:

Hand Weapons
 d - a +0 dagger
 i - a +1 mace of protection (weapon)
Missiles
 k - 26 stones (quivered)
Armour
 a - a +0 robe (worn)
Scrolls
 b - 2 scrolls of identify {unknown}
 e - a scroll of remove curse {unknown}
 h - a scroll of teleportation {unknown}
 l - a scroll of fog {unknown}
 m - a scroll of magic mapping {unknown}
 p - a scroll of amnesia {unknown}
Potions
 g - a potion of curing {unknown}
 j - 2 potions of degeneration
 n - a potion of haste {unknown}
 o - a potion of cancellation
Comestibles
 c - a ration


   Skills:
 + Level 3.0 Dodging
 + Level 3.0 Stealth
 + Level 3.6 Spellcasting
 + Level 1.7 Conjurations
 * Level 3.6 Air Magic


You had 8 spell levels left.
You knew the following spells:

 Your Spells              Type           Power        Failure   Level  Hunger
a - Shock                 Conj/Air       ##..         4%          1    None

Your spell library contained the following spells:

 Spells                   Type           Power        Failure   Level  Hunger
 Swiftness                Chrm/Air       #.......     11%         2    ##.....
 Static Discharge         Conj/Air       ##......     16%         3    ###....
 Airstrike                Air            ###.......   34%         4    ####...
 Lightning Bolt           Conj/Air       ##........   80%         5    ######.


Dungeon Overview and Level Annotations

Branches:
Dungeon (2/15)

Altars:


Message History

There is a stone staircase leading up here.
You hit the gnoll but do no damage.
Your weapon exudes an aura of protection.
The gnoll is heavily wounded.
The gnoll hits you with a +0 spear.
* * * LOW HITPOINT WARNING * * *
Casting: Shock (safe; 4% risk of failure)
Confirm with . or Enter, or press ? or * to list all spells.
Aiming: Shock (safe; 4% risk of failure)
Press: ? - help, Shift-Dir - straight line, f/p - gnoll
Aim: a gnoll, wielding a +0 spear (heavily wounded) That beam is likely to hit you.
Continue anyway?
Okay, then.
It was a potion of degeneration.
There was something very wrong with that liquid.
You feel weakened.
You feel dopey.
You feel clumsy. The gnoll hits you but does no damage.
It was a potion of cancellation.
You feel magically purged. The gnoll hits you with a +0 spear.
You die...

#.# #.#
#.#######.#
#.#.......#
#....###..#
###..# #..#
#..###..##
##........#
#.####.g.###...#
#.....@........#
#############..#
)<.# ###.# .# ##


You could see a gnoll.

Vanquished Creatures
  2 gnolls
  A dart slug (D:1)
  A leopard gecko (D:1)
  6 bats (D:1)
  2 giant cockroaches (D:1)
  6 goblins (D:1)
  5 hobgoblins (D:1)
  4 frilled lizards (D:1)
  A kobold (D:1)
  4 rats (D:1)
32 creatures vanquished.

Notes
Turn   | Place    | Note
-------+----------+-------------------------------------------
     0 | D:1      | Descartes the Deep Elf Air Elementalist began the quest for
                  | the Orb.
     0 | D:1      | Reached XP level 1. HP: 10/10 MP: 6/6
   168 | D:1      | Reached XP level 2. HP: 15/15 MP: 4/8
   615 | D:1      | Reached XP level 3. HP: 19/19 MP: 0/9
  1350 | D:2      | Slain by a gnoll

Levels and vault maps discovered:
D:1:      erik_arrival_cave_to_civilisation [erik_arrival_cave_to_hall],
          layout_loops_ring
D:2:      layout_basic, tgw_kikubaaqudgha

Skill      XL: |  1  2  3 |
---------------+----------+-----
Dodging        | 3 |  3.0
Stealth        | 3 |  3.0
Spellcasting   | |  3.6
Conjurations   | |  1.7
Air Magic      | |  3.6

Action                   || total
-------------------------++-------
Melee: Mace              ||     1
 Cast: Shock             ||    62
  Use: Potion            ||     2
Armor: Robe              ||     5
Dodge: Dodged            ||    12
